 Dungeon Crawl Stone Soup version 0.24.1-11-gbbbb2193e6 (webtiles) character file.

Game seed: 8212340997133544271, levelgen mode: deterministic

1234 Hugehornet the Changer (level 8, -8/48 HPs)
             Began as an Octopode Transmuter on May 10, 2020.
             Was a Follower of Cheibriados.
             Mangled by an orc warrior
             ... wielding a +0 glaive
              (26 damage)
             ... on level 6 of the Dungeon.
             The game lasted 00:11:14 (5886 turns).

Hugehornet the Changer (Octopode Transmuter)        Turns: 5886, Time: 00:11:14

Health: -8/48      AC:  3    Str: 11    XL:     8   Next: 48%
Magic:  5/14       EV: 13    Int: 19    God:    Cheibriados [*.....]
Gold:   151        SH:  0    Dex: 15    Spells: 0/15 levels left

rFire    . . .     SeeInvis .     - Unarmed
rCold    . . .     Gourm    .   (no shield)
rNeg     . . .     Faith    .   d - +2 hat
rPois    .         Spirit   .   (no amulet)
rElec    .         Reflect  .   (no ring)
rCorr    .         Harm     .   (no ring)
MR       .....                  (no ring)
Stlth    ++........             (no ring)
HPRegen  0.16/turn              (no ring)
MPRegen  0.14/turn              (no ring)
                                (no ring)
                                (no ring)

@: appendage, very slow
A: almost no armour, stealthy swim, amphibious, 8 rings, constrict 8, tentacle
spike 3, camouflage 1, gelatinous body 1
a: End Transformation, Bend Time, Renounce Religion


You were on level 6 of the Dungeon.
You worshipped Cheibriados.
Cheibriados was aware of your devotion.
You were not hungry.
One of your tentacles had a temporary spike.
You visited 2 branches of the dungeon, and saw 7 of its levels.

You collected 151 gold pieces.

Inventory:

Missiles
 a - 67 arrows
Armour
 d - a +2 hat (worn)
Wands
 t - a wand of digging (5)
Scrolls
 g - 2 scrolls of fog {unknown}
 h - 2 scrolls of teleportation {unknown}
 k - 2 scrolls of remove curse
 l - 2 scrolls of amnesia {unknown}
 n - a scroll of random uselessness {unknown}
 o - a scroll of enchant weapon {unknown}
 p - 2 scrolls of immolation {unknown}
 q - a scroll of noise {unknown}
 s - a scroll of magic mapping {unknown}
 v - a scroll of enchant armour {unknown}
Potions
 b - a potion of heal wounds
 e - a potion of resistance
 f - a potion of cancellation {unknown}
 i - 4 potions of curing
 j - 2 potions of lignification
 m - 3 potions of ambrosia
 r - 2 potions of agility
 w - a potion of mutation {unknown}
Comestibles
 c - 9 rations


   Skills:
 - Level 1.0 Fighting
 - Level 2.0 Dodging
 + Level 5.2 Unarmed Combat
 + Level 4.2 Spellcasting
 * Level 5.7 Transmutations
 * Level 4.7 Ice Magic
 - Level 3.0 Poison Magic
 + Level 0.2 Invocations


You couldn't memorise any spells.
You knew the following spells:

 Your Spells              Type           Power        Failure   Level  Hunger
a - Beastly Appendage     Tmut           ####..       1%          1    None
b - Sticks to Snakes      Tmut           ####....     1%          2    #......
c - Spider Form           Tmut/Pois      ###.......   7%          3    ###....
d - Ice Form              Ice/Tmut       ###.....     16%         4    ####...
e - Blade Hands           Tmut           ####......   34%         5    ######.

Your spell library contained the following spells:

 Spells                   Type           Power        Failure   Level  Hunger


Dungeon Overview and Level Annotations

Branches:
Dungeon (6/15)             Temple (1/1) D:4

Altars:
Ashenzari
Cheibriados
Elyvilon
Fedhas
Gozag
Kikubaaqudgha
Makhleb
Qazlal
Sif Muna
Trog
Vehumet
Wu Jian
Xom
Yredelemnul


Innate Abilities, Weirdness & Mutations

You cannot wear most types of armour.
You are very stealthy in the water. (Stealth+)
You are amphibious.
You can wear up to eight rings at the same time.
You can use your tentacles to constrict eight enemies at once.
Your skin changes colour to match your surroundings (Stealth+).
Your rubbery body absorbs attacks. (AC +1, EV +1)
One of your tentacles bears a large vicious spike.


Message History

Your ball python grabs the orc warrior.
Your ball python constricts the orc warrior.
Your ball python bites the orc warrior but does no damage.
Your ball python bites the orc warrior but does no damage.
Your ball python constricts the orc warrior.
Your ball python bites something but does no damage.
The orc warrior hits you from afar with a +0 glaive!
Your adder bites something.
Something completely misses your ball python.
Your ball python bites the orc warrior but does no damage.
Your ball python constricts the orc warrior.
An orc comes into view.
The orc shouts!
Your ball python bites the orc warrior but does no damage.
Your adder closely misses something.
Your ball python bites the orc warrior but does no damage.
Your ball python constricts the orc warrior.
The orc warrior hits you from afar with a +0 glaive!!
Ouch! That really hurt!
You die...

#..### ...#..
....## ....#
#...######
##.S......#
#.oSS.....#
#o....#S......##
###..##S@.......
#.. #.......##
..o #########
o.## ... ##


You could see an orc warrior, a friendly adder and 4 friendly ball pythons.

Vanquished Creatures
  Pikel (D:5)
  Eustachio (D:4)
  Edmund (D:4)
  A crimson imp (D:5)
  2 centaur zombies (D:5)
  An orc priest (D:6)
  2 hounds
  An orc wizard (D:4)
  A centaur skeleton (D:5)
  An iguana (D:4)
  8 adders
  3 oozes
  A worm (D:3)
  4 dart slugs
  4 leopard geckos
  9 orcs
  A ball python (D:1)
  5 giant cockroaches
  2 gnoll zombies (D:3)
  7 goblins
  11 hobgoblins
  7 jackals
  9 kobolds
  A quokka (D:3)
  9 bats
  8 frilled lizards
  A quokka skeleton (D:5)
  A quokka zombie (D:5)
  10 rats
113 creatures vanquished.

Vanquished Creatures (collateral kills)
  Grinder (D:5)
1 creature vanquished.

Vanquished Creatures (others)
  A slave (D:5)
  A worker ant (D:5)
2 creatures vanquished.

Grand Total: 116 creatures vanquished

Notes
Turn   | Place    | Note
-------+----------+-------------------------------------------
     0 | D:1      | Hugehornet the Octopode Transmuter began the quest for the
                  | Orb.
     0 | D:1      | Reached XP level 1. HP: 13/13 MP: 3/3
    61 | D:1      | Reached XP level 2. HP: 14/18 MP: 3/5
   280 | D:1      | Learned a level 2 spell: Sticks to Snakes
   384 | D:1      | Reached XP level 3. HP: 21/23 MP: 6/6
   389 | D:1      | Learned a level 3 spell: Spider Form
   784 | D:1      | Reached skill level 1 in Poison Magic
  1472 | D:2      | Reached XP level 4. HP: 24/28 MP: 5/8
  2381 | D:2      | Reached XP level 5. HP: 27/33 MP: 7/9
  2450 | D:2      | Found a blossoming altar of Fedhas.
  2885 | D:3      | Found a basalt altar of Yredelemnul.
  3249 | D:3      | Learned a level 4 spell: Ice Form
  3432 | D:3      | Found a faded altar of an unknown god.
  3860 | D:4      | Found a staircase to the Ecumenical Temple.
  3882 | Temple   | Entered the Ecumenical Temple
  3892 | Temple   | Became a worshipper of Cheibriados the Contemplative
  3929 | D:4      | Noticed Edmund
  3945 | D:4      | Killed Edmund
  3945 | D:4      | Reached skill level 1 in Ice Magic
  3945 | D:4      | Reached XP level 6. HP: 30/38 MP: 7/10
  4303 | D:4      | Found an ornate altar of the Wu Jian Council.
  4321 | D:4      | Found a white marble altar of Elyvilon.
  4322 | D:4      | Found an opulent altar of Gozag.
  4322 | D:4      | Noticed Eustachio
  4348 | D:4      | Killed Eustachio
  4348 | D:4      | Reached XP level 7. HP: 19/43 MP: 10/12
  4893 | D:5      | Entered Level 5 of the Dungeon
  4893 | D:5      | Noticed Grinder
  5117 | D:5      | Found a stormy altar of Qazlal.
  5191 | D:5      | Reached * piety under Cheibriados
  5221 | D:5      | Noticed Pikel
  5263 | D:5      | Killed Pikel
  5263 | D:5      | Reached skill level 5 in Unarmed Combat
  5263 | D:5      | Reached skill level 5 in Transmutations
  5263 | D:5      | Reached XP level 8. HP: 5/48 MP: 8/14
  5611 | D:5      | Killed Grinder
  5850 | D:6      | Learned a level 5 spell: Blade Hands
  5886 | D:6      | Mangled by an orc warrior

Levels and vault maps discovered:
D:1:      erik_arrival_gehennom, layout_basic
D:2:      layout_basic, marbit_many_paths, first_ration, minmay_split_cup_large
D:3:      layout_basic, lemuel_zombie_altar_yredelemnul,
          chequers_ecumenical_altar_simple, corexii_item_surrounded_by_moat
D:4:      layout_basic, chequers_temple_overflow_statue_of_worship,
          minmay_temple_entry_tees, uniq_eustachio, uniq_edmund
D:5:      layout_rooms, lemuel_crystal_altar, uniq_grinder, uniq_pikel
D:6:      layout_rooms, uniq_duvessa
Temple:   nicolae_temple_great_sept

Skill      XL: |  1  2  3  4  5  6  7 |
---------------+----------------------+-----
Transmutations | 3 4 5 |  5.7
Poison Magic   | 1 2 3 |  3.0
Spellcasting   | 3 4 |  4.2
Unarmed Combat | 4 5 |  5.2
Ice Magic      | 1 2 4 |  4.7
Fighting       | |  1.0
Dodging        | |  2.0
Invocations    | |  0.2

Action                   |  1- 3 |  4- 6 |  7- 9 || total
-------------------------+-------+-------+-------++-------
Melee: Unarmed           |    90 |   166 |    62 ||   318
       Kick              |    14 |    38 |    18 ||    70
       Constrict         |    23 |    38 |     9 ||    70
       Punch             |     3 |     1 |     3 ||     7
       Tentacles         |     9 |    21 |     9 ||    39
 Cast: Beastly Appendage |    25 |    33 |    10 ||    68
       Spider Form       |       |     3 |     1 ||     4
       Sticks to Snakes  |       |       |     8 ||     8
 Abil: End Transformatio |       |       |     1 ||     1
  Use: Scroll            |       |     4 |     4 ||     8
       Potion            |       |     1 |     2 ||     3
 Stab: Sleeping          |     5 |     4 |       ||     9
       Distracted        |       |       |     1 ||     1
  Eat: Chunk             |     2 |    10 |     2 ||    14
       Ration            |       |       |     1 ||     1
Armor: Skin              |    25 |    31 |     4 ||    60
Dodge: Dodged            |    59 |   147 |    42 ||   248
